 Dungeon Crawl Stone Soup version 0.30-a0-924-g0ad0bf95bc (webtiles) character file.

Game seed: 5238456678314438173

29 DeathPants the Cutter (level 3, 0/19 HPs)
             Began as a Vine Stalker Monk on Mar 22, 2023.
             Succumbed to a goblin's poison
             ... on level 2 of the Dungeon.
             The game lasted 00:02:50 (844 turns).

DeathPants the Cutter (Vine Stalker Monk)            Turns: 844, Time: 00:02:51

Health: 0/19       AC:  3    Str: 13    XL:     3   Next: 16%
Magic:  4/4        EV: 12    Int: 10    God:
Gold:   57         SH:  0    Dex: 18    Spells: 2/2 levels left

rFire   + . .      SeeInvis .    a - +0 dagger
rCold   + . .      Faith    .    (no shield)
rNeg    . . .      Spirit   +    i - +0 leather armour
rPois   +          Reflect  .    (no helmet)
rElec   +          Rampage  .    (no cloak)
rCorr   +                        (no gloves)
Will    .....                    (no boots)
Stlth   +                        d - amulet of magic regeneration
HPRegen 0.23/turn                (no ring)
MPRegen 0.49/turn                (no ring)

@: confused, lethally poisoned (0 -> -15), resistant, ambrosia-drunk
A: fangs 2, magic shield, antimagic bite, no potion heal 2
a: no special abilities


You were on level 2 of the Dungeon.
You visited 1 branch of the dungeon, and saw 2 of its levels.

You collected 57 gold pieces.

Inventory:

Hand Weapons
 a - a +0 dagger (weapon)
Armour
 i - a +0 leather armour (worn)
Jewellery
 d - an amulet of magic regeneration (around neck)
Scrolls
 e - a scroll of poison {unknown}
 f - a scroll of identify {unknown}
 g - a scroll of silence {unknown}
 j - a scroll of magic mapping {unknown}
 k - a scroll of acquirement {unknown}
Potions
 h - a potion of degeneration {unknown}


   Skills:
 + Level 2.9 Fighting
 * Level 3.1 Short Blades
 + Level 2.6 Dodging
 + Level 3.0 Stealth


You had 2 spell levels left.
You didn't know any spells.
Your spell library contained the following spells:

 Spells                   Type           Power      Damage    Failure   Level
 Vhi's Electric Charge    Tloc/Air       0%         N/A       82%         3
 Summon Ice Beast         Ice/Summ       0%         N/A       99%         4
 Arcjolt                  Conj/Air       0%         1d10      100%        5
 Summon Mana Viper        Hex/Summ       0%         N/A       100%        5
 Monstrous Menagerie      Summ           0%         N/A       100%        7
 Maxwell's Capacitive Co  Air            0%         ∞         100%        8


Dungeon Overview and Level Annotations

Branches:
Dungeon (2/15)

Altars:


Innate Abilities, Weirdness & Mutations

You have extremely sharp teeth.
When hurt, damage is shared between your health and your magic reserves.
Your bite disrupts and absorbs the magic of your enemies.
Potions cannot restore your health.


Message History

You kill the endoplasm!
k - a scroll labelled ILUYCRAFIJ Done exploring.
There is a stone staircase leading down here.
You climb downwards.
There is a stone staircase leading up here.
A frilled lizard comes into view.
Found a stone staircase leading down.
Found a scroll labelled IDYICLIUSIBB.
Found 2 viscous red potions.
The frilled lizard hisses angrily.
You hit the frilled lizard.
You kill the frilled lizard!
A goblin comes into view. It is wielding a +2 dagger of venom.
A bat comes into view.
Found a scroll labelled IDYICLIUSIBB and a dagger.
The goblin shouts!
You hear an angry hiss.
A ball python comes into view.
The bat barely misses you.
An endoplasm comes into view.
The bat barely misses you.
You hit the goblin but do no damage. The bat barely misses you.
The goblin hits you with a +2 dagger of venom.
You are poisoned.
The goblin attacks as you move away!
The goblin hits you with a +2 dagger of venom.
You are more poisoned.
You feel very sick. The bat barely misses you.
A giant cockroach comes into view.
The goblin attacks as you move away!
The goblin hits you with a +2 dagger of venom.
You are more poisoned.
You feel very sick. The bat closely misses you.
You are confused.
Your system rejects the healing.
You feel invigorated.
* * * LOW HITPOINT WARNING * * *
You feel very sick.
It was a potion of resistance.
You feel protected.
You die...

#.##.##.# #. ..#.......#
#. ..#......# #.. ##
#.#.#....## #...#### ..
#.#.#.##..# #.......
#)#...#.....#####...####
#?..#.#.#...............
#B.J##............)...
#.gS@................
#...?b##..#######...####
#.###.##..# #..#... . ..
...>..# #.###.### #
#####.## ####..#.. #..
........# #..
.......<### #..
..........# .......##h##


You could see an endoplasm, a giant cockroach, a goblin, a bat and a ball
python.

Vanquished Creatures
  A dart slug (D:1)
  3 ball pythons (D:1)
  3 bats (D:1)
  3 endoplasms (D:1)
  A giant cockroach (D:1)
  3 hobgoblins (D:1)
  4 kobolds
  2 frilled lizards
  3 goblins
  3 rats (D:1)
26 creatures vanquished.

Notes
Turn   | Place    | Note
-------+----------+-------------------------------------------
     0 | D:1      | DeathPants the Vine Stalker Monk began the quest for the
                  | Orb.
     0 | D:1      | Reached XP level 1. HP: 11/11 MP: 2/2
   133 | D:1      | Reached XP level 2. HP: 11/16 MP: 3/3
   559 | D:1      | Reached XP level 3. HP: 18/19 MP: 4/4
   844 | D:2      | Succumbed to a goblin's poison

Illustrated notes

Levels and vault maps discovered:
D:1:      sevenhm_arrival_forest_fort_small_6, layout_rooms,
          minmay_parallelograms
D:2:      layout_loops_cross, serial_shops, nicolae_square_shop,
          minmay_tromino_mix6

Skill      XL: |  1  2  3 |
---------------+----------+-----
Short Blades   | 3 |  3.1
Stealth        | 3 |  3.0
Fighting       | |  2.9
Dodging        | |  2.6

Action                     || total
---------------------------++-------
  Melee: Short sword       ||    37
         Bite              ||    15
         Dagger            ||    35
         Punch             ||     1
    Use: Potion            ||     2
   Stab: Sleeping          ||     5
         Distracted        ||     1
 Armour: Robe              ||     1
         Leather armour    ||     5
  Dodge: Dodged            ||    41

Table legend: (Time is in decaauts)
 A = Elapsed time spent in this place.
 B = Non-inter-level travel time spent in this place.
 C = Inter-level travel time spent in this place.
 D = Time resting spent in this place.
 E = Time spent auto-exploring this place.
 F = Levels seen in this place.
 G = Mean time per level.
                   A        B        C        D        E       F      G
               +--------+--------+--------+--------+--------+-----+--------+
         Total |    833 |    807 |     26 |     22 |    493 |   2 |  416.5 |
       Dungeon |    833 |    807 |     26 |     22 |    493 |   2 |  416.5 |
               +--------+--------+--------+--------+--------+-----+--------+

Top non-repeatable levels by time:
     D:1: 777 daAuts
     D:2: 56 daAuts
